 Dungeon Crawl Stone Soup version 0.20-a0-1025-g4706f7e (webtiles) character file.

483 Megalobster the Conjurer (level 6, -4/32 HPs)
             Began as a Deep Elf Conjurer on Apr 19, 2017.
             Was an Initiate of Vehumet.
             Slain by Prince Ribbit (18 damage)
             ... on level 5 of the Dungeon.
             The game lasted 00:17:36 (5057 turns).

Megalobster the Conjurer (Deep Elf Conjurer)        Turns: 5057, Time: 00:17:37

Health: -4/32      AC:  2    Str:  7    XL:     6   Next: 87%
Magic:  4/15       EV: 12    Int: 22    God:    Vehumet [......]
Gold:   221        SH:  4    Dex: 15    Spells: 4/14 levels left

rFire    . . .     SeeInvis .   e - +0 hunting sling
rCold    + . .     Gourm    .   s - +0 buckler
rNeg     . . .     Faith    .   a - +0 robe
rPois    .         Spirit   .   (no helmet)
rElec    .         Reflect  .   x - scarf {rC+}
rCorr    .         Harm     .   (no gloves)
MR       .....                  (no boots)
Stlth    +++.......             (no amulet)
Regen    0.1/turn               o - +2 ring of strength
MPRegen  0.2/turn               z - ring of stealth

@: no status effects
A: no striking features
a: Renounce Religion


You were on level 5 of the Dungeon.
You worshipped Vehumet.
Vehumet was noncommittal.
You were not hungry.

You visited 2 branches of the dungeon, and saw 6 of its levels.

You collected 221 gold pieces.

Inventory:

Hand Weapons
 e - a +0 hunting sling (weapon)
Missiles
 g - 153 stones (quivered)
 j - 39 sling bullets
 u - 4 tomahawks
Armour
 a - a +0 robe (worn)
 s - a +0 buckler (worn)
 x - a scarf of cold resistance (worn)
 G - a +0 cloak
Jewellery
 o - a +2 ring of strength (left hand)
 z - a ring of stealth (right hand)
Wands
 w - a wand of scattershot (5/9)
 D - a wand of digging (6/24)
Scrolls
 f - 2 scrolls of recharging {unknown}
 i - 7 scrolls of identify {unknown}
 k - 2 scrolls of random uselessness {unknown}
 n - 3 scrolls of teleportation {unknown}
 p - 2 scrolls of enchant armour {unknown}
 q - 3 scrolls of remove curse {unknown}
 y - a scroll of blinking {unknown}
 B - a scroll of fear {unknown}
 C - a scroll of amnesia {unknown}
Potions
 c - 4 potions of curing {unknown}
 h - 4 potions of heal wounds {unknown}
 l - a potion of lignification {unknown}
 m - a potion of flight {unknown}
 t - a potion of mutation {unknown}
 v - 3 potions of degeneration {unknown}
Books
 b - a book of Conjurations

   Spells                             Type                      Level
   a - Magic Dart                     Conjuration                  1
   b - Searing Ray                    Conjuration                  2
   c - Dazzling Spray                 Conjuration/Hexes            3
   d - Fulminant Prism                Conjuration/Hexes            4
   e - Force Lance                    Conjuration/Translocation    4
   f - Iskenderun's Mystic Blast      Conjuration                  4
 A - a book of Maledictions

   Spells                             Type                      Level
   a - Corona                         Hexes                        1
   b - Ensorcelled Hibernation        Hexes/Ice                    2
   c - Confuse                        Hexes                        3
   d - Tukima's Dance                 Hexes                        3
   e - Dazzling Spray                 Conjuration/Hexes            3
Comestibles
 d - 3 meat rations
 r - 4 bread rations
 F - a royal jelly


   Skills:
 + Level 2.0 Slings
 - Level 2.4 Dodging
 - Level 2.4 Stealth
 + Level 1.9 Shields
 + Level 4.8 Spellcasting
 * Level 6.8 Conjurations
 + Level 2.5 Hexes


You had 4 spell levels left.
You knew the following spells:

 Your Spells              Type           Power        Failure   Level  Hunger
a - Magic Dart            Conj           ####         1%          1    None
b - Searing Ray           Conj           #####.       1%          2    None
c - Iskenderun's Mystic   Conj           #####...     8%          4    ####...
d - Dazzling Spray        Conj/Hex       ####..       5%          3    ##.....


Dungeon Overview and Level Annotations

Branches:
Dungeon (5/15)             Temple (1/1) D:4

Altars:
Dithmenos
Okawaru
Trog
Vehumet
Wu Jian
Yredelemnul

Annotations:
D:5 Prince Ribbit


Message History

The searing ray hits Prince Ribbit.
Prince Ribbit is moderately wounded.
Prince Ribbit blinks!
Prince Ribbit blinks!
Casting: Searing Ray
Confirm with . or Enter, or press ? or * to list all spells.
Aiming: Iskenderun's Mystic Blast
Press: ? - help, Shift-Dir - straight line, f/p - Prince Ribbit
Aim: Prince Ribbit (moderately wounded)
The orb of energy hits Prince Ribbit.
Prince Ribbit is heavily wounded.
The orb of energy explodes!
Casting: Iskenderun's Mystic Blast
Confirm with . or Enter, or press ? or * to list all spells.
Aiming: Iskenderun's Mystic Blast
Press: ? - help, Shift-Dir - straight line, f/p - Prince Ribbit
Aim: Prince Ribbit (heavily wounded)
The orb of energy misses Prince Ribbit.
Prince Ribbit hits you!!
Ouch! That really hurt!
You die...

.......##...##.#.##.###.##.##.###
#########...#.#..#...............
##.........#.........##.#.###
#.......>...#.........#.#.#
#..........#..............#
#..###..#.#.....##.#..#.###
#..'_'..##.#.#..........#
#..###..####.# ######.###
#......#####@### #.# ###....#
#..F..# #.# ##.### #.....# #.#
#.# #.....# #.### ##.# #.....#
#...# #..# #.....# #.#.# #.##
####### #...# #.# ##### ##.## #.#
##...## #.#


You could see Prince Ribbit.

Vanquished Creatures
  2 scorpions (D:4)
  2 crimson imps (D:5)
  2 bullfrog skeletons (D:4)
  A jelly (D:5)
  A worker ant (D:5)
  A hound skeleton (D:4)
  4 gnolls (D:4)
  5 adders (D:2)
  A river rat (D:3)
  An adder skeleton (D:4)
  2 worms
  5 dart slugs
  5 leopard geckos
  7 bats
  5 giant cockroaches
  6 goblins
  6 hobgoblins
  11 jackals
  6 kobolds
  A quokka (D:4)
  A ball python (D:2)
  3 frilled lizards
  A giant cockroach zombie (D:4)
  9 rats
88 creatures vanquished.

Notes
Turn   | Place    | Note
-------+----------+-------------------------------------------
     0 | D:1      | Megalobster the Deep Elf Conjurer began the quest for the Orb.
     0 | D:1      | Reached XP level 1. HP: 10/10 MP: 6/6
   359 | D:1      | Reached XP level 2. HP: 15/15 MP: 2/8
   394 | D:1      | Learned a level 2 spell: Searing Ray
  1133 | D:2      | Reached skill level 5 in Conjurations
  1133 | D:2      | Reached XP level 3. HP: 19/19 MP: 6/10
  1213 | D:2      | Found a faded altar of an unknown god.
  1307 | D:2      | Reached skill level 1 in Slings
  1485 | D:2      | Reached XP level 4. HP: 24/24 MP: 8/12
  1561 | D:2      | Learned a level 4 spell: Iskenderun's Mystic Blast
  1566 | D:2      | Learned a level 3 spell: Dazzling Spray
  2868 | D:3      | Reached skill level 1 in Shields
  3133 | D:4      | Reached skill level 1 in Hexes
  3133 | D:4      | Reached XP level 5. HP: 28/28 MP: 6/13
  3221 | D:4      | Found an ornate altar of the Wu Jian Council.
  3248 | D:4      | Reached skill level 6 in Conjurations
  3486 | D:4      | Reached XP level 6. HP: 32/32 MP: 3/14
  3664 | D:4      | Found a staircase to the Ecumenical Temple.
  3764 | Temple   | Entered the Ecumenical Temple
  3812 | Temple   | Became a worshipper of Vehumet
  4015 | D:4      | Found a bloodstained altar of Trog.
  4555 | D:5      | Entered Level 5 of the Dungeon
  5017 | D:5      | Found a basalt altar of Yredelemnul.
  5051 | D:5      | Noticed Prince Ribbit
  5057 | D:5      | Slain by Prince Ribbit

Vault maps used:
D:1:      eino_arrival_tree_alley, serial_forest, infiniplex_forest_zigzag_1,
          infiniplex_forest_fountain, infiniplex_forest_end_1,
          infiniplex_forest_clump_curved, infiniplex_forest_clump_long,
          infiniplex_forest_lined_room_2, infiniplex_forest_clump_double,
          infiniplex_forest_corner_1, infiniplex_forest_pool
D:2:      chequers_ecumenical_altar_island
D:3:      first_bread, gup_sewer_entry_bubbles
D:4:      nicolae_overflow_crystal_walls, lemuel_doored_altar,
          minmay_temple_entry_statues
D:5:      kennysheep_mini_moat, uniq_prince_ribbit1
Temple:   nicolae_temple_figure_eight

Skill      XL: |  1  2  3  4  5  6 |
---------------+-------------------+-----
Conjurations   | 5 6 |  6.8
Slings         | 1 2 |  2.0
Spellcasting   | 4 |  4.8
Shields        | 1 |  1.9
Hexes          | 1 2 |  2.5
Dodging        | |  2.4
Stealth        | |  2.4

Action                   |  1- 3 |  4- 6 || total
-------------------------+-------+-------++-------
 Fire: Hunting sling     |       |     7 ||     7
 Cast: Magic Dart        |    62 |   129 ||   191
       Searing Ray       |       |     8 ||     8
       Iskenderun's Myst |       |     6 ||     6
  Eat: Bread ration      |     1 |       ||     1
       Chunk             |       |     6 ||     6
       Fruit             |       |     2 ||     2
       Royal jelly       |       |     1 ||     1
Armor: Robe              |       |     4 ||     4
Dodge: Dodged            |       |    19 ||    19
Block: Buckler           |       |     1 ||     1
